 Dungeon Crawl Stone Soup version 0.30-a0-967-g9b59a09336 (webtiles) character file.

Game seed: 11937907008355078403

662 112233 the Magician (level 7, -3/46 HPs)
             Began as a Demonspawn Air Elementalist on Mar 31, 2023.
             Slain by a sixfirhy (11 damage)
             ... summoned by a kobold demonologist
             ... on level 5 of the Dungeon.
             The game lasted 00:05:18 (5322 turns).

112233 the Magician (Demonspawn Air Elementalist)   Turns: 5322, Time: 00:05:18

Health: -3/46      AC: 19    Str:  8      XL:     7   Next: 30%
Magic:  12/16      EV: 12    Int: 19      God:
Gold:   183        SH:  9    Dex: 12 (13) Spells: 8/18 levels left

rFire   + . .      SeeInvis .    c - +0 quarterstaff (protect)
rCold   . . .      Faith    .    (shield currently unavailable)
rNeg    . . .      Spirit   .    n - +0 robe {rF+}
rPois   .          Reflect  +    (helmet restricted)
rElec   .          Rampage  .    (no cloak)
rCorr   .                        (no gloves)
Will    .....                    (no boots)
Stlth   ++                       m - amulet of reflection
HPRegen 0.27/turn                (no ring)
MPRegen 0.15/turn                (no ring)

@: sanguine armoured, under a protective aura, flying
A: antennae 1, icemail 1, sanguine armour 1, condensation shield, demonic magic
1
a: no special abilities


You were on level 5 of the Dungeon.
You visited 1 branch of the dungeon, and saw 5 of its levels.

You collected 183 gold pieces.

Inventory:

Hand Weapons
 c - a +0 quarterstaff of protection (weapon)
Missiles
 l - a throwing net
Armour
 a - a +0 robe
 n - a +0 robe of fire resistance (worn)
Jewellery
 h - a ring of fire
 m - an amulet of reflection (around neck)
 p - an amulet of the acrobat
 s - an amulet of regeneration
Scrolls
 d - a scroll of poison {unknown}
 e - 4 scrolls of immolation
 f - a scroll of torment
 g - a scroll of teleportation {unknown}
 o - a scroll of enchant weapon {unknown}
 r - a scroll of fear {unknown}
 t - a scroll of fog
 u - 2 scrolls of identify {unknown}
 w - a scroll of noise {unknown}
 x - 2 scrolls of magic mapping {unknown}
 y - 2 scrolls of amnesia {unknown}
 z - a scroll of summoning {unknown}
Potions
 b - a potion of magic
 i - 2 potions of haste {unknown}
 j - a potion of flight
 q - 3 potions of attraction {unknown}
 v - a potion of curing {unknown}


   Skills:
 - Level 1.8 Dodging
 - Level 1.8 Stealth
 + Level 6.1 Spellcasting
 - Level 1.0 Conjurations
 + Level 5.2 Air Magic


You had 8 spell levels left.
You knew the following spells:

 Your Spells              Type           Power      Damage    Failure   Level
a - Shock                 Conj/Air       68%        1d7       3%          1
b - Static Discharge      Conj/Air       34%        2-4/arc   4%          2
c - Airstrike             Air            12%        2d(2-18)  13%         4
d - Swiftness             Air            25%        N/A       4%          3

Your spell library contained the following spells:

 Spells                   Type           Power      Damage    Failure   Level
 Foxfire                  Conj/Fire      28%        2x1d3     9%          1
 Ensorcelled Hibernation  Hex/Ice        10%        N/A       17%         2
 Passwall                 Tmut/Erth      4%         N/A       17%         2
 Fireball                 Conj/Fire      3%         3d4       94%         5
 Starburst                Conj/Fire      3%         6d3       100%        6
 Malign Gateway           Summ/Tloc      2%         N/A       100%        7
 Summon Horrible Things   Summ           2%         N/A       100%        8


Dungeon Overview and Level Annotations

Branches:
Dungeon (5/15)             Temple (0/1) D:5

Altars:
Ashenzari
Vehumet

Shops:
D:2 [

Annotations:
D:3 1 runed translucent door, Gandelf's ghost, amateur SpCj


Innate Abilities, Weirdness & Mutations

You have a pair of small antennae on your head.
A meltable icy envelope protects you from harm. (AC +4)
When seriously injured, your blood forms armour. (AC +6)
A meltable shield of frost defends you. (SH +4)
Spells you cast may paralyse adjacent enemies.


Message History

The kobold demonologist casts a spell.
You block the ynoxinul's attack.
It was a potion of flight.
You feel very buoyant.
You fly up into the air.
The quasit bites you. The quasit closely misses you.
The quasit barely misses you. The quasit completely misses you.
The quasit claws you but does no damage.
The quasit barely misses you.
The hellwing hits you but does no damage. x2
The kobold demonologist casts a cantrip, but nothing happens.
The ynoxinul misses you. You block the quasit's attack.
The quasit closely misses you.
The quasit claws you but does no damage.
You block the quasit's attack.
The quasit claws you but does no damage.
The quasit closely misses you.
You feel much better.
Your blood armour dries and flakes away.
You block the hellwing's attack. x2
The kobold demonologist gestures wildly while chanting.
The kobold demonologist hits you with a +0 dagger.
The quasit misses you.
The quasit claws you but does no damage.
The quasit barely misses you. The quasit closely misses you. x2
You block the quasit's attack. The ynoxinul gestures at you.
The iron shot hits you!!
* * * LOW HITPOINT WARNING * * *
Your blood congeals into armour.
Okay, then.
You aren't carrying any items that you can evoke.
Unknown command.
Okay, then.
Unknown command.
You hit the kobold demonologist but do no damage.
The kobold demonologist is almost dead.
The sixfirhy closely misses you. The sixfirhy hits you.
* * * LOW HITPOINT WARNING * * *
The sixfirhy shocks you!
You die...

##...## ##...#
.....#####....#
...###.##....###
###...#.....#..#.##
.#.........###....#
.)).#..#....#.....## #
<)..#.####....##55.#.##
#......).#...###4555..#
#...##.)...####3@K55..#
#...#####...#####355.##
##..# #......{5KK..#
##..## ##....#.#.5....#
.....###...#.....#.....#
###..##.[....#.#........
#....###.#.........#.#.#
#......#...#.....#...#.##
#.##...#.#...._....#.#..


You could see a hellwing (summoned), 2 kobold demonologists, a sixfirhy
(summoned), a ynoxinul (summoned), an iron imp (summoned), 2 quasits, a white
imp (summoned), 6 ufetubi and a kobold.

Vanquished Creatures
  Blork the orc (D:4)
  2 phantoms (D:4)
  A kobold brigand (D:5)
  An orc priest (D:3)
  A hound (D:4)
  2 iguanas (D:4)
  3 orc wizards
  Natasha (D:3)
  4 gnolls (D:3)
  4 adders
  A worm (D:3)
  5 dart slugs
  10 orcs
  5 endoplasms
  4 giant cockroaches
  9 goblins
  7 hobgoblins
  5 jackals (D:1)
  5 kobolds
  4 ball pythons
  7 bats
  3 frilled lizards (D:3)
  6 rats
91 creatures vanquished.

Vanquished Creatures (others)
  2 plants (D:5)
2 creatures vanquished.

Grand Total: 93 creatures vanquished

Notes
Turn   | Place    | Note
-------+----------+-------------------------------------------
     0 | D:1      | 112233 the Demonspawn Air Elementalist began the quest for
                  | the Orb.
     0 | D:1      | Reached XP level 1. HP: 13/13 MP: 3/3
   106 | D:1      | Gained mutation: A meltable shield of frost defends you.
                  | (SH +4) [demonic ancestry]
   106 | D:1      | Reached XP level 2. HP: 19/19 MP: 0/5
   516 | D:1      | Reached skill level 3 in Spellcasting
  1186 | D:2      | Learned a level 2 spell: Static Discharge
  1261 | D:2      | Gained mutation: When seriously injured, your blood forms
                  | armour. (AC +6) [demonic ancestry]
  1261 | D:2      | Reached XP level 3. HP: 15/24 MP: 0/7
  1436 | D:2      | Found a faded altar of an unknown god.
  1505 | D:2      | Found a broken altar of Ashenzari.
  1791 | D:2      | Found Qomukk's Armour Boutique.
  1979 | D:2      | Reached skill level 4 in Spellcasting
  2197 | D:3      | Reached XP level 4. HP: 30/30 MP: 7/10
  2385 | D:3      | Learned a level 4 spell: Airstrike
  2389 | D:3      | Learned a level 3 spell: Swiftness
  2432 | D:3      | Gained mutation: A meltable icy envelope protects you from
                  | harm. (AC +4) [demonic ancestry]
  2432 | D:3      | Reached XP level 5. HP: 24/35 MP: 3/11
  2806 | D:3      | Found a runed translucent door.
  2806 | D:3      | Noticed Gandelf's ghost (amateur SpCj)
  3164 | D:3      | Noticed Natasha
  3169 | D:3      | Killed Natasha
  3760 | D:4      | Reached skill level 5 in Spellcasting
  3860 | D:4      | Gained mutation: Spells you cast may paralyse adjacent
                  | enemies. [demonic ancestry]
  3860 | D:4      | Reached XP level 6. HP: 41/41 MP: 6/13
  4003 | D:4      | Noticed Blork the orc
  4017 | D:4      | Killed Blork the orc
  4126 | D:4      | Gained mutation: You have a pair of small antennae on your
                  | head. [demonic ancestry]
  4126 | D:4      | Reached XP level 7. HP: 36/46 MP: 12/15
  4974 | D:5      | Entered Level 5 of the Dungeon
  4982 | D:5      | Reached skill level 5 in Air Magic
  5105 | D:5      | Found a radiant altar of Vehumet.
  5133 | D:5      | Found a staircase to the Ecumenical Temple.
  5136 | D:5      | Noticed a kobold demonologist
  5175 | D:5      | Reached skill level 6 in Spellcasting
  5305 | D:5      | Noticed a ynoxinul
  5309 | D:5      | Noticed a hellwing
  5311 | D:5      | Noticed a kobold demonologist
  5320 | D:5      | Noticed a sixfirhy
  5322 | D:5      | Slain by a sixfirhy

Illustrated notes

Levels and vault maps discovered:
D:1:      saegor_arrival_fortress, layout_loops_ring
D:2:      layout_rooms, basic_altar, serial_shops, nicolae_shop_hallway_plus,
          hellmonk_ecumenical_altar_blasted
D:3:      cheibrodos_helix_gallery, layout_basic, gammafunk_ghost_grave,
          minmay_between, uniq_natasha
D:4:      layout_basic, serial_curves, eino_curves_02, eino_curves_04,
          eino_curves_01, eino_curves_02, uniq_blork_the_orc
D:5:      layout_cave_pools, nicolae_vehumet_radiance,
          nicolae_overflow_crystal_walls, minmay_temple_entry_overgrown,
          uniq_duvessa, uniq_crazy_yiuf_cottage

Skill      XL: |  1  2  3  4  5  6  7 |
---------------+----------------------+-----
Spellcasting   | 3 4 5 6 |  6.1
Air Magic      | 3 4 5 |  5.2
Dodging        | |  1.8
Stealth        | |  1.8
Conjurations   | |  1.0

Action                     |  1- 3 |  4- 6 |  7- 9 || total
---------------------------+-------+-------+-------++-------
  Melee: Quarterstaff      |    43 |    69 |    38 ||   150
   Cast: Shock             |    70 |    76 |     7 ||   153
         Static Discharge  |       |    11 |    13 ||    24
    Use: Potion            |     3 |       |     3 ||     6
         Scroll            |       |     2 |     1 ||     3
   Stab: Paralysed         |       |     2 |     8 ||    10
 Armour: Robe              |    14 |    30 |    40 ||    84
         Skin              |     3 |       |       ||     3
  Dodge: Dodged            |    49 |    46 |    48 ||   143
  Block: Other             |     9 |    26 |    31 ||    66
         Reflection        |       |     1 |     2 ||     3

Table legend: (Time is in decaauts)
 A = Elapsed time spent in this place.
 B = Non-inter-level travel time spent in this place.
 C = Inter-level travel time spent in this place.
 D = Time resting spent in this place.
 E = Time spent auto-exploring this place.
 F = Levels seen in this place.
 G = Mean time per level.
                   A        B        C        D        E       F      G
               +--------+--------+--------+--------+--------+-----+--------+
         Total |   5365 |   5224 |    141 |    376 |   4173 |   5 | 1073.0 |
       Dungeon |   5365 |   5224 |    141 |    376 |   4173 |   5 | 1073.0 |
               +--------+--------+--------+--------+--------+-----+--------+

Top non-repeatable levels by time:
     D:3: 1506 daAuts
     D:4: 1298 daAuts
     D:1: 1189 daAuts
     D:2: 1016 daAuts
     D:5: 354 daAuts
